 Dungeon Crawl Stone Soup version 0.30-a0-847-g17996783a1 (webtiles) character file.

Game seed: 3410848799298690199

93 qeuew the Cudgeller (level 4, 0/30 (35) HPs)
             Began as a Demonspawn Chaos Knight on Mar 3, 2023.
             Was a Follower of Nemelex Xobeh.
             Slain by an ufetubus (2 damage)
             ... summoned by Xom
             ... on level 3 of the Dungeon.
             The game lasted 00:02:55 (2040 turns).

qeuew the Cudgeller (Demonspawn Chaos Knight)       Turns: 2040, Time: 00:02:56

HP:   0/30 (35)     AC:  6    Str: 13 (14) XL:     4   Next: 36%
MP:   4/4           EV: 11    Int: 10 (13) God:    Nemelex Xobeh [*.....]
Gold: 109           SH:  0    Dex:  7 (13) Spells: 3/3 levels left

rFire   . . .      SeeInvis .    a - +0 mace (chaos)
rCold   . . .      Faith    .    (no shield)
rNeg    . . .      Spirit   .    b - +3 leather armour
rPois   .          Reflect  .    (helmet restricted)
rElec   .          Rampage  .    (no cloak)
rCorr   .                        (no gloves)
Will    .....                    (no boots)
Stlth   +                        (no amulet)
HPRegen 0.25/turn                (no ring)
MPRegen 0.09/turn                (no ring)

@: studying Polearms, heavily drained
A: antennae 1, claws 1, powered by death 1
a: Renounce Religion, Draw Escape, Draw Destruction, Draw Summoning


You were on level 3 of the Dungeon.
You worshipped Nemelex Xobeh.
Nemelex Xobeh was aware of your devotion.
You visited 1 branch of the dungeon, and saw 3 of its levels.

You collected 109 gold pieces.

Inventory:

Hand Weapons
 a - a +0 mace of chaos (weapon)
Armour
 b - a +3 leather armour (worn)
Scrolls
 d - 2 scrolls of identify
 f - 2 scrolls of blinking
Potions
 e - 4 potions of curing
 g - a potion of heal wounds
Miscellaneous
 c - a piece from Xom's chessboard (15/15) (quivered)


   Skills:
 + Level 3.3 Fighting
 * Level 3.3 Maces & Flails
 * Level 2.5 Armour
 + Level 1.5 Dodging
 * Level 1.1 Invocations
 + Level 1.1 Evocations


You had 3 spell levels left.
You didn't know any spells.
Your spell library was empty.

Dungeon Overview and Level Annotations

Branches:
Dungeon (3/15)

Altars:
Nemelex Xobeh


Innate Abilities, Weirdness & Mutations

You have a pair of small antennae on your head.
You have sharp fingernails.
You regenerate a little health from kills.


Message History

You sock the crimson imp!
The crimson imp is heavily wounded.
The ufetubus closely misses you.
The ufetubus hits you but does no damage.
The ufetubus hits you. The ufetubus barely misses you.
The quasit bites you but does no damage.
The quasit completely misses you.
The quasit claws you but does no damage.
The goblin hits you with a +0 dagger. The ufetubus closely misses you.
The ufetubus hits you but does no damage. x2
The ufetubus barely misses you.
The crimson imp blinks!
The white imp gestures at you. The puff of frost hits you!
* * * LOW HITPOINT WARNING * * *
The shadow imp barely misses you. The quasit closely misses you.
The quasit claws you but does no damage.
The quasit claws you.
* * * LOW HITPOINT WARNING * * *
You feel clumsy.
You draw a card...
You have drawn Wild Magic.
The ufetubus's body twists unnaturally.
The ufetubus twists and deforms.
The ufetubus has an odd expression for a moment.
The ufetubus is poisoned.
The quasit convulses helplessly with pain.
The quasit completely resists.
The goblin twitches violently.
The goblin is drained!
You kill the goblin!
Rocks fall onto the white imp out of nowhere.
The ufetubus is blasted with air!
You kill the ufetubus!
The ufetubus degenerates into a cloud of primal chaos!
The shadow imp is blasted with magical energy!
The light around the crimson imp dims momentarily.
The crimson imp seems to slow down.
The crimson imp scowls horribly.
The crimson imp completely resists.
You feel a surge of magic. The ufetubus hits you.
* * * LOW HITPOINT WARNING * * *
The ufetubus hits you.
You die...
Your body disappears without a glow.

#....# #..##
#...)# #.###
##....###.##.
#......##.#.. #
##............ #..
##......###..##
#...######:.....)#
#.)#
#...[.5.5..#######
#.... #....5§@5..#
.#### ##..>.§5).##
. #......5.... .
#..........### ..
......5....#
#..........#
##.........#
##........#


You could see a quasit (summoned, poisoned), 2 crimson imps, a white imp
(summoned), a shadow imp (summoned) and 2 ufetubi.

Vanquished Creatures
  An adder (D:2)
  A worm (D:2)
  2 dart slugs (D:3)
  6 ball pythons
  6 bats
  3 endoplasms
  5 giant cockroaches
  4 goblins
  5 hobgoblins
  10 jackals
  3 quokkas
  7 frilled lizards
  7 kobolds
  A rat (D:2)
61 creatures vanquished.

Notes
Turn   | Place    | Note
-------+----------+-------------------------------------------
     0 | D:1      | qeuew the Demonspawn Chaos Knight began the quest for the
                  | Orb.
     0 | D:1      | Reached XP level 1. HP: 18/18 MP: 1/1
    25 | D:1      | XOM: silly message
    81 | D:1      | XOM: silly message
    84 | D:1      | Reached skill level 1 in Dodging
   104 | D:1      | Discovered your monstrous ancestry.
   104 | D:1      | Gained mutation: You have sharp fingernails. [demonic
                  | ancestry]
   104 | D:1      | Reached XP level 2. HP: 13/24 MP: 2/2
   365 | D:1      | XOM: divination: detect items
   387 | D:1      | Found a faded altar of an unknown god.
   847 | D:1      | XOM: silly message
   929 | D:1      | Prayed at the altar of an unknown god.
   929 | D:1      | Fell from the grace of Xom
   929 | D:1      | Became a worshipper of Nemelex Xobeh the Trickster
   929 | D:1      | Reached * piety under Nemelex Xobeh
   962 | D:2      | Gained mutation: You regenerate a little health from kills.
                  | [demonic ancestry]
   962 | D:2      | Reached XP level 3. HP: 22/29 MP: 3/3
  1141 | D:2      | Received a gift from Nemelex Xobeh
  1541 | D:2      | Reached skill level 1 in Invocations
  1541 | D:2      | Reached skill level 1 in Evocations
  1588 | D:2      | Gained mutation: You have a pair of small antennae on your
                  | head. [demonic ancestry]
  1588 | D:2      | Reached XP level 4. HP: 17/35 MP: 4/4
  1936 | D:2      | XOM: draining
  2033 | D:3      | XOM: summons 8 hostile demons
  2040 | D:3      | Slain by an ufetubus

Illustrated notes

Levels and vault maps discovered:
D:1:      dpeg_arrival_rhombi, layout_basic,
          shapermc_ecumenical_altar_mp_vishouse
D:2:      layout_loops_cross, chequers_jeans, minivault_19, minmay_misc_feat_x,
          reono_crystal_passage
D:3:      minmay_diamond_boxcup, layout_rooms, serial_corexii_hall,
          chequers_hall_statues_y, corexii_hall_statues_l, goddamned_bats

Skill      XL: |  1  2  3 |
---------------+----------+-----
Dodging        | 1 |  1.5
Armour         | 2 |  2.5
Maces & Flails | 3 |  3.3
Invocations    | 1 |  1.1
Evocations     | 1 |  1.1
Fighting       | |  3.3

Action                     |  1- 3 |  4- 6 || total
---------------------------+-------+-------++-------
  Melee: Mace              |   156 |    46 ||   202
         Punch             |     1 |       ||     1
 Invoke: Draw Destruction  |       |     1 ||     1
    Use: Potion            |     3 |     2 ||     5
         Scroll            |     1 |     3 ||     4
   Stab: Confused          |       |     1 ||     1
 Armour: Leather armour    |   100 |    46 ||   146
  Dodge: Dodged            |   127 |    58 ||   185

Table legend: (Time is in decaauts)
 A = Elapsed time spent in this place.
 B = Non-inter-level travel time spent in this place.
 C = Inter-level travel time spent in this place.
 D = Time resting spent in this place.
 E = Time spent auto-exploring this place.
 F = Levels seen in this place.
 G = Mean time per level.
                   A        B        C        D        E       F      G
               +--------+--------+--------+--------+--------+-----+--------+
         Total |   2087 |   1942 |    145 |     39 |   1473 |   3 |  695.7 |
       Dungeon |   2087 |   1942 |    145 |     39 |   1473 |   3 |  695.7 |
               +--------+--------+--------+--------+--------+-----+--------+

Top non-repeatable levels by time:
     D:2: 1027 daAuts
     D:1: 964 daAuts
     D:3: 96 daAuts
